 Dungeon Crawl Stone Soup version 0.30.1-9-gdf580d7c3d (webtiles) character file.

Game seed: 8509893477439026559

141163 Peloso the Hoplite (level 16, -12/150 (152) HPs)
             Began as a Minotaur Fighter on Oct 19, 2023.
             Was the Champion of Okawaru.
             Killed from afar by a deep elf zephyrmancer (25 damage)
             ... with a bolt of lightning
             ... on level 1 of the Elven Halls on Oct 20, 2023.
             The game lasted 01:29:33 (34658 turns).

Peloso the Hoplite (Minotaur Fighter)              Turns: 34658, Time: 01:29:33

HP:   -12/150 (152) AC: 27    Str: 24    XL:     16   Next: 77%
MP:   16/16         EV:  9    Int:  5    God:    Okawaru [******]
Gold: 2431          SH: 28    Dex: 17    Spells: 15/15 levels left

rFire   + . .        a - +5 double sword (heavy)
rCold   + . .        d - +0 tower shield
rNeg    . . .        g - +3 plate armour
rPois   +            t - +1 hat
rElec   .            F - scarf {rC+ rF+}
rCorr   .            E - +2 pair of gloves
SInv    .            B - +1 pair of boots of Defence {Str+2}
Will    +....        h - amulet of reflection Stlth
                     v - ring of poison resistance
HPRegen 0.45/turn    (no ring)
MPRegen 0.15/turn

%: reflection
@: lightly drained
A: horns 2, retaliatory headbutt
a: Renounce Religion, Heroism, Finesse, Duel


You were on level 1 of the Elven Halls.
You worshipped Okawaru.
Okawaru was exalted by your worship.
You visited 7 branches of the dungeon, and saw 27 of its levels.
You visited the Abyss 1 time.
You also visited: Gauntlet.

You collected 2431 gold pieces.

Inventory:

Hand Weapons
 a - a +5 heavy double sword (weapon)
 b - a +2 vampiric demon blade
 c - a +4 scimitar of flaming
Armour
 d - a +0 tower shield (worn)
 g - a +3 plate armour (worn)
 t - a +1 hat (worn)
 B - the +1 pair of boots of Defence (worn) {Str+2}
   (Okawaru gifted it to you on level 14 of the Dungeon)

   Str:       It affects your strength (+2).
 E - a +2 pair of gloves (worn)
 F - a scarf of resistance (worn)
Jewellery
 h - an amulet of reflection (around neck)
 v - a ring of poison resistance (left hand)
Wands
 s - a wand of polymorph (1)
 x - a wand of mindburst (5)
 y - a wand of digging (7)
 C - a wand of flame (60)
Scrolls
 i - 8 scrolls of teleportation
 m - 6 scrolls of poison
 n - 6 scrolls of immolation
 o - a scroll of amnesia
 u - 3 scrolls of fear
 w - 3 scrolls of magic mapping
 J - a scroll of acquirement
Potions
 e - 7 potions of might
 f - 5 potions of flight
 j - a potion of berserk rage
 k - 3 potions of haste
 l - 2 potions of mutation
 r - 7 potions of curing
 A - 2 potions of invisibility
 P - a potion of resistance


   Skills:
 + Level 16.4 Fighting
 + Level 18.4 Long Blades
 + Level 16.3 Armour
 + Level 4.3 Dodging
 + Level 2.2 Stealth
 + Level 21.4 Shields
 + Level 1.3 Invocations
 + Level 1.0 Evocations


You had 15 spell levels left.
You didn't know any spells.
Your spell library contained the following spells:

 Spells                   Type           Power      Damage    Failure   Level
 Apportation              Tloc           0%         N/A       99%         1
 Beastly Appendage        Tmut           0%         N/A       99%         1
 Cigotuvi's Dreadful Rot  Necr/Pois/Air  0%         N/A       100%        2
 Wereblood                Tmut           0%         N/A       100%        2
 Dazzling Flash           Conj/Hex       0%         N/A       100%        3
 Frozen Ramparts          Ice            0%         1d1       100%        3
 Gell's Gravitas          Tloc           0%         N/A       100%        3
 Ignite Poison            Fire/Tmut/Pois 0%         N/A       100%        3
 Ozocubu's Armour         Ice            0%         N/A       100%        3
 Spider Form              Tmut/Pois      0%         N/A       100%        3
 Teleport Other           Tloc           0%         N/A       100%        3
 Volatile Blastmotes      Fire/Tloc      0%         2d10      100%        3
 Ice Form                 Ice/Tmut       0%         N/A       100%        4
 Iskenderun's Mystic Bla  Conj/Tloc      0%         2d3       100%        4
 Leda's Liquefaction      Hex/Erth       0%         N/A       100%        4
 Passage of Golubria      Tloc           0%         N/A       100%        4
 Petrify                  Tmut/Erth      0%         N/A       100%        4
 Alistair's Intoxication  Tmut/Pois      0%         N/A       100%        5
 Borgnjor's Vile Clutch   Necr/Erth      0%         N/A       100%        5
 Freezing Cloud           Conj/Ice/Air   0%         6-21      100%        5
 Lee's Rapid Deconstruct  Erth           0%         3d4*      100%        5
 Metabolic Englaciation   Hex/Ice        0%         N/A       100%        5
 Yara's Violent Unravell  Hex/Tmut       0%         3d3       100%        5
 Dispersal                Tloc           0%         N/A       100%        6
 Starburst                Conj/Fire      0%         6d3       100%        6
 Statue Form              Tmut/Erth      0%         N/A       100%        6
 Ozocubu's Refrigeration  Ice            0%         4d7       100%        7
 Tukima's Dance           Hex            Unusable   N/A       N/A         3
 Animate Dead             Necr           Unusable   N/A       N/A         4
 Summon Ice Beast         Ice/Summ       Unusable   N/A       N/A         4
 Death Channel            Necr           Unusable   N/A       N/A         6

Dungeon Overview and Level Annotations

Branches:
Dungeon (15/15) Temple (1/1) D:5 Lair (5/5) D:11 Swamp (1/4) Lair:3 Spider (2/4) Lair:3 Slime (0/5) Lair:5 Orc (2/2) D:9 Elf (1/3) Orc:2 Vaults (0/5) D:12 D:13 Depths (0/4) D:15 Gauntlet (visited)

Altars:
Ashenzari
Dithmenos
Fedhas
Gozag
Kikubaaqudgha
Makhleb
Okawaru
Sif Muna
Uskayaw
Wu Jian
Zin
Jiyva

Shops:
D:6 *   D:8 *   D:13 :   Orc:2 [(*!   Elf:1 ?

Annotations:
Lair:5 Casa


Innate Abilities, Weirdness & Mutations

You have a pair of horns on your head.
You reflexively headbutt those who attack you in melee.


Message History

The deep elf knight is severely wounded.
You block the deep elf zephyrmancer's attack.
You block the deep elf knight's attack.
Unknown command.
The deep elf knight blocks your attack.
The deep elf knight is severely wounded.
The deep elf knight gestures wildly while chanting.
The deep elf knight flickers and vanishes!
Deactivating autopickup; reactivate with Ctrl-A.
You block the deep elf zephyrmancer's attack.
Unknown command.
You barely miss something. Something hits you!
* * * LOW HITPOINT WARNING * * *
The deep elf zephyrmancer barely misses you.
You furiously retaliate!
You headbutt the deep elf zephyrmancer!
Unknown command.
You feel much better.
You hear some strange, mumbled words.
A lance of force appears from out of thin air!
The lance of force hits you!!
* * * LOW HITPOINT WARNING * * *
You are knocked back by the lance of force.
You slam into the rock wall!
You block the deep elf zephyrmancer's attack.
You feel much better.
You block the deep elf zephyrmancer's attack.
Unknown command.
You miss the deep elf zephyrmancer. You headbutt the deep elf zephyrmancer!
The deep elf zephyrmancer is almost dead.
Something hits you but does no damage.
The deep elf zephyrmancer mumbles some strange words.
The deep elf zephyrmancer blinks!
Unknown command.
Something blocks your attack.
You hear some strange, mumbled words.
The deep elf zephyrmancer points at you and mumbles some strange words.
The bolt of lightning hits you!!
* * * LOW HITPOINT WARNING * * *
The bolt of lightning hits you!!
You die...

#.#...# ..#...#
#.#...#####
##........#####
##...........#
##........###.#
#.....##### #.#
......# ####.####
#.#...# #..e..)@#
#.#...# #.##.##.# .
#.##### # #.##.# .#
#+# #....######.#
.####..#.......
#.......⌠.⌠e#
##.#...#.∩..# #
#.......⌠.⌠.###....
...................


You could see a deep elf zephyrmancer.

Vanquished Creatures
  Rupert (D:13)
  Jorgrun (Orc:2)
  Kirke (Lair:5)
  Gastronok (D:9)
  2 orc warlords
  2 eleionomae (Swamp:1)
  Nessos (D:13)
  A bunyip (Swamp:1)
  A minotaur (Gauntlet)
  Azrael (Orc:2)
  The ghost of kalagan the Thaumaturge, a journeyman DECj of Sif Muna (D:11)
  Snorg (Lair:5)
  Josephine (D:12)
  An entropy weaver (Spider:1)
  The ghost of Yliosm the Severer, a journeyman MiBe of Trog (Orc:1)
  3 fire dragons (D:15)
  4 hydras
  A catoblepas (Lair:4)
  An alligator (Swamp:1)
  2 centaur warriors (D:13)
  2 death scarabs (Gauntlet)
  7 boulder beetles
  A two-headed ogre (D:7)
  7 death yaks
  A dancing weapon (Elf:1)
  Sonja (D:13)
  6 orc high priests (Orc:2)
  2 deep elf knights (Elf:1)
  Urug (D:13)
  A spriggan (Swamp:1)
  2 skysharks
  A sixfirhy (Gauntlet)
  4 goliath frogs
  3 pharaoh ants
  Pikel (D:4)
  2 orb spiders
  3 bog bodies
  3 deep elf archers
  A steelbarb worm (Spider:2)
  A lindwurm (Lair:5)
  2 spectral hydras (Gauntlet)
  7 deep elf pyromancers
  9 deep elf zephyrmancers
  A necromancer (Spider:1)
  4 wolf spider zombies (Spider:1)
  2 wolf spiders
  3 orc knights (Orc:2)
  2 orc sorcerers (Orc:2)
  5 cyclopes
  13 ugly things
  A moth of wrath (Spider:1)
  2 manticores
  A black mamba (Lair:2)
  8 elephants
  3 gargoyles
  A rust devil (Gauntlet)
  2 torpor snails
  A cane toad (shapeshifter) (D:15)
  3 unseen horrors
  A rime drake (Lair:4)
  20 cane toads
  2 efreet
  7 komodo dragons
  5 yaktaurs (D:15)
  Psyche (D:12)
  8 redback zombies (Spider:1)
  11 trolls
  A polar bear (shapeshifter) (D:14)
  A troll (shapeshifter) (D:15)
  9 meliai
  5 tarantellas
  A polar bear (Lair:2)
  2 tyrant leeches
  A hornet (Swamp:1)
  9 tarantella zombies (Spider:1)
  5 culicivora zombies (Spider:1)
  18 blink frogs
  2 centaur simulacra
  14 slime creatures
  A spectral black mamba (Gauntlet)
  14 jumping spiders
  A jumping spider (shapeshifter) (D:13)
  6 culicivoras
  6 wraiths
  Sigmund (D:2)
  A vampire (D:11)
  A ynoxinul (Gauntlet)
  2 wyverns (Lair:1)
  An unseen horror simulacrum (D:9)
  4 shadows
  4 basilisks
  A hog (Lair:5)
  20 humans
  A yak (shapeshifter) (D:12)
  72 yaks
  4 fire elementals
  19 redbacks
  The ghost of Tamtam the Conjurer, an amateur DgCj (D:4)
  Menkaure (D:4)
  16 vampire mosquitoes
  4 wargs
  17 water moccasins
  5 swamp worms (Swamp:1)
  3 hell hounds (Orc:2)
  9 ice beasts
  47 orc warriors
  2 black bears
  11 ogres
  17 wolves
  5 centaurs
  A lemure (D:4)
  2 kobold brigands
  2 phantoms
  An earth elemental (Orc:2)
  12 bullfrogs
  A gnoll sergeant (D:7)
  2 scorpions
  11 wights
  2 troll zombies (D:9)
  4 electric eels
  7 howler monkeys
  Crazy Yiuf (D:3)
  3 hounds
  34 orc priests
  2 iron imps (Gauntlet)
  Jessica (D:3)
  Terence (D:2)
  27 orc wizards
  4 iguanas
  6 ogre zombies (D:9)
  11 adders
  8 gnolls
  2 shadow imps
  3 howler monkey simulacra
  8 white imps
  7 ufetubi
  94 orcs
  9 ball pythons
  6 endoplasms
  2 giant cockroaches (D:1)
  6 goblins
  12 hobgoblins
  3 jackals (D:4)
  18 kobolds
  5 quokkas
  4 bats
  4 frilled lizards
  A goblin skeleton (D:9)
  A goblin zombie (D:9)
  3 hobgoblin zombies (D:9)
  5 orc skeletons (D:9)
  15 orc zombies (D:9)
  3 rats
  A spectral weapon (D:15)
923 creatures vanquished.

Vanquished Creatures (others)
  A deep elf pyromancer (Orc:2)
  3 orcs
4 creatures vanquished.

Grand Total: 927 creatures vanquished

Notes
Turn   | Place    | Note
-------+----------+-------------------------------------------
     0 | D:1      | Peloso the Minotaur Fighter began the quest for the Orb.
     0 | D:1      | Reached XP level 1. HP: 19/19 MP: 0/0
    56 | D:1      | Reached XP level 2. HP: 10/27 MP: 1/1
   240 | D:1      | Reached skill level 4 in Shields
   371 | D:1      | Reached XP level 3. HP: 31/33 MP: 2/2
   789 | D:2      | Noticed Sigmund
  1083 | D:2      | Killed Sigmund
  1084 | D:2      | Reached XP level 4. HP: 26/41 MP: 3/3
  1084 | D:2      | Reached XP level 5. HP: 30/47 MP: 4/4
  1159 | D:2      | Reached skill level 5 in Armour
  1236 | D:2      | Noticed Terence
  1246 | D:2      | Killed Terence
  1247 | D:2      | Reached skill level 5 in Long Blades
  1460 | D:3      | Reached XP level 6. HP: 53/53 MP: 5/5
  1565 | D:3      | Noticed Jessica
  1576 | D:3      | Killed Jessica
  1665 | D:3      | Found a blossoming altar of Fedhas.
  1681 | D:3      | Noticed a +0 spear
  1682 | D:3      | Noticed a +0 falchion
  1682 | D:3      | Noticed a +0 falchion
  1683 | D:3      | Noticed a +0 short sword
  1683 | D:3      | Noticed a +0 dagger
  1685 | D:3      | Noticed a +0 dagger
  1685 | D:3      | Noticed a +0 spear
  1686 | D:3      | Noticed a +0 short sword
  1696 | D:3      | Found a hide-covered altar of Uskayaw.
  1719 | D:3      | Reached skill level 5 in Fighting
  1810 | D:3      | Found a runed translucent door.
  1811 | D:3      | Noticed Crazy Yiuf
  2196 | D:3      | Killed Crazy Yiuf
  2332 | D:4      | Reached skill level 1 in Dodging
  2353 | D:4      | Found a runed translucent door.
  2438 | D:4      | Noticed Menkaure
  2448 | D:4      | HP: 1/56 [Menkaure (12)]
  2449 | D:4      | Killed Menkaure
  2759 | D:4      | Noticed Pikel
  2792 | D:4      | Killed Pikel
  2793 | D:4      | Reached skill level 5 in Shields
  2793 | D:4      | Reached XP level 7. HP: 50/63 MP: 6/6
  2853 | D:4      | Reached XP level 8. HP: 70/70 MP: 7/7
  2930 | D:4      | Noticed Tamtam's ghost (amateur DgCj)
  3294 | D:5      | Entered Level 5 of the Dungeon
  3571 | D:5      | Found a staircase to the Ecumenical Temple.
  3578 | D:5      | Reached skill level 1 in Stealth
  3587 | Temple   | Entered the Ecumenical Temple
  3734 | Temple   | Became a worshipper of Warmaster Okawaru
  3937 | D:6      | Found Fykherua's Mayhem Merchandise.
  3985 | D:6      | Reached skill level 6 in Shields
  4139 | D:6      | Reached * piety under Okawaru
  4224 | D:6      | Reached XP level 9. HP: 76/78 MP: 8/8
  4742 | D:7      | Noticed a manticore
  4749 | D:7      | Killed a manticore
  4749 | D:7      | Reached ** piety under Okawaru
  4840 | D:7      | Reached skill level 7 in Shields
  4936 | D:7      | Noticed a two-headed ogre
  4940 | D:7      | Killed a two-headed ogre
  4941 | D:7      | Reached skill level 10 in Long Blades
  6038 | D:8      | Reached XP level 10. HP: 80/88 MP: 9/9
  6052 | D:8      | Reached *** piety under Okawaru
  6053 | D:8      | Reached skill level 8 in Shields
  6372 | D:8      | Found Vinufa's Mass Market.
  6820 | D:8      | Reached skill level 10 in Armour
  7420 | D:9      | Reached **** piety under Okawaru
  7731 | D:9      | Found a staircase to the Orcish Mines.
  7761 | D:9      | Reached skill level 9 in Shields
  8257 | D:9      | Reached XP level 11. HP: 66/97 MP: 10/10
  8378 | D:9      | Noticed Gastronok
  8389 | D:9      | Killed Gastronok
  8389 | D:9      | Reached ***** piety under Okawaru
  8390 | D:9      | Reached skill level 10 in Shields
  9056 | D:10     | Entered Level 10 of the Dungeon
  9089 | D:10     | Received a gift from Okawaru
  9636 | D:10     | Reached skill level 11 in Shields
  9647 | D:10     | Reached skill level 10 in Fighting
 10191 | D:11     | Noticed a boulder beetle
 10216 | D:11     | Killed a boulder beetle
 10460 | D:11     | Noticed kalagan's ghost (journeyman DECj)
 10542 | D:11     | Noticed a green ugly thing
 10557 | D:11     | Killed a green ugly thing
 10561 | D:11     | Noticed a boulder beetle
 10591 | D:11     | Killed a boulder beetle
 10906 | D:11     | Received a gift from Okawaru
 10907 | D:11     | Reached XP level 12. HP: 92/107 MP: 11/11
 10964 | D:11     | Noticed a boulder beetle
 10999 | D:11     | Killed a boulder beetle
 11000 | D:11     | Reached skill level 12 in Shields
 11000 | D:11     | Reached skill level 1 in Invocations
 11078 | D:11     | Identified the +8 rapier of Zuliurgh {vamp, rElec Str-2
                  | Int+4 SInv}
 11169 | D:11     | Found a runed translucent gate.
 11169 | D:11     | Found a runed translucent gate.
 11169 | D:11     | Found a runed translucent gate.
 11300 | D:11     | Found a staircase to the Lair.
 11488 | Lair:1   | Entered Level 1 of the Lair of Beasts
 12524 | Lair:2   | Received a gift from Okawaru
 12611 | Lair:2   | Reached ****** piety under Okawaru
 12758 | Lair:2   | Reached skill level 13 in Shields
 12902 | Lair:2   | Reached skill level 15 in Long Blades
 13706 | Lair:3   | Noticed a death yak
 13706 | Lair:3   | Noticed a death yak
 13706 | Lair:3   | Noticed a death yak
 13706 | Lair:3   | Noticed a death yak
 13726 | Lair:3   | Killed a death yak
 13726 | Lair:3   | Identified the +0 scale mail "Jomy" {Drain rF+ Dex+6}
                  | (Okawaru gifted it to you on level 3 of the Lair of Beasts)
 13726 | Lair:3   | Received a gift from Okawaru
 13728 | Lair:3   | Noticed a death yak
 13733 | Lair:3   | Killed a death yak
 13744 | Lair:3   | Killed a death yak
 13745 | Lair:3   | Reached skill level 14 in Shields
 13761 | Lair:3   | Killed a death yak
 13762 | Lair:3   | Reached XP level 13. HP: 78/117 MP: 12/12
 13878 | Lair:3   | Found a staircase to the Swamp.
 14681 | Lair:3   | Found a hole to the Spider Nest.
 14886 | D:12     | Noticed Psyche
 14897 | Abyss:2  | Cast into level 2 of the Abyss (Psyche)
 14945 | D:12     | Escaped the Abyss
 14954 | D:12     | Killed Psyche
 15063 | D:12     | Noticed Josephine
 15076 | D:12     | Killed Josephine
 15557 | D:12     | Received a gift from Okawaru
 15834 | Orc:1    | Entered Level 1 of the Orcish Mines
 15931 | Orc:1    | Noticed an orc warlord
 15957 | Orc:1    | Killed an orc warlord
 15958 | Orc:1    | Reached skill level 15 in Shields
 16239 | Orc:1    | Noticed Yliosm's ghost (journeyman MiBe)
 16243 | Orc:1    | Found a runed translucent gate.
 16247 | Orc:1    | Found a runed translucent gate.
 16247 | Orc:1    | Found a runed translucent gate.
 16490 | Orc:1    | Found Beer's Book Boutique.
 16776 | Orc:2    | Entered Level 2 of the Orcish Mines
 16878 | Orc:2    | Noticed Jorgrun
 17203 | Orc:2    | HP: 4/122 [constriction (7)]
 17695 | Lair:4   | Received a gift from Okawaru
 17897 | Lair:4   | Found a shadowy altar of Dithmenos.
 17992 | Lair:4   | Identified a scroll of acquirement
 18109 | Lair:4   | Reached XP level 14. HP: 125/129 MP: 13/13
 18683 | Lair:5   | Entered Level 5 of the Lair of Beasts
 18746 | Lair:5   | Found a viscous altar of Jiyva.
 18747 | Lair:5   | Found a staircase to the Slime Pits.
 18767 | Lair:5   | Reached skill level 16 in Shields
 18849 | Lair:5   | HP: 4/129 [acid (6)]
 19623 | D:13     | Noticed Urug
 19623 | D:13     | Noticed Nessos
 19623 | D:13     | Noticed Rupert
 19623 | D:13     | Found a gate to the Vaults.
 19717 | D:12     | Received a gift from Okawaru
 20080 | D:13     | Reached skill level 17 in Shields
 20127 | D:13     | Killed Rupert
 20138 | D:13     | HP: 2/132 [centaur warrior/arrow (19)]
 20168 | D:13     | Killed Urug
 20359 | D:13     | Identified the -2 cloak "Zytetzig" {rPois rN+}
 20454 | D:13     | Killed Nessos
 20580 | D:13     | Found Byarilum's Book Shop.
 20607 | D:13     | Noticed Sonja
 20612 | D:13     | Killed Sonja
 20947 | D:14     | Reached skill level 1 in Evocations
 21010 | D:14     | Identified the +1 pair of boots of Defence {Str+2} (Okawaru
                  | gifted it to you on level 14 of the Dungeon)
 21010 | D:14     | Received a gift from Okawaru
 21522 | D:14     | Reached skill level 18 in Shields
 21919 | Orc:2    | Noticed an orc warlord
 21949 | Orc:2    | Killed Jorgrun
 21950 | Orc:2    | Reached XP level 15. HP: 93/139 MP: 14/14
 22194 | Orc:2    | Found a staircase to the Elven Halls.
 22814 | Orc:2    | Noticed Azrael
 22832 | Orc:2    | Killed Azrael
 23530 | Orc:2    | Found Dadod's Distillery.
 23530 | Orc:2    | Found Cuiseas's Antique Armour Shoppe.
 23531 | Orc:2    | Found Payxakh's Assorted Antiques.
 23531 | Orc:2    | Found Qoluku's Weapon Emporium.
 24181 | Lair:5   | Received a gift from Okawaru
 24202 | Lair:5   | Reached skill level 15 in Fighting
 24256 | Lair:5   | Reached skill level 19 in Shields
 24323 | Lair:5   | Identified the +4 falchion of the Smoking Gods {heavy,
                  | Int+3 Dex+6}
 24328 | Lair:5   | Identified the +1 war axe of the Thing {flame, rCorr Dex+5}
 24383 | Lair:5   | Noticed Snorg
 24383 | Lair:5   | Noticed Kirke
 24404 | Lair:5   | Killed Kirke
 24405 | Lair:5   | Reached skill level 15 in Armour
 24411 | Lair:5   | Killed Snorg
 25809 | D:4      | Killed Tamtam's ghost
 25992 | Orc:1    | Killed Yliosm's ghost
 26023 | Orc:1    | Identified the +1 scale mail of the Blind Marksman {rPois
                  | Regen+ MP+9}
 26185 | D:11     | Killed kalagan's ghost
 26405 | D:15     | Entered Level 15 of the Dungeon
 26505 | D:15     | Found a gate leading to a gauntlet.
 26509 | Gauntlet | Entered a Gauntlet
 26509 | Gauntlet | Found a transporter.
 26509 | Gauntlet | Found a transporter.
 26514 | Gauntlet | Found a transporter.
 26521 | Gauntlet | Found a transporter.
 26543 | Gauntlet | Found a transporter.
 26554 | Gauntlet | Found a transporter.
 26555 | Gauntlet | Found a transporter.
 26567 | Gauntlet | Found a transporter.
 26571 | Gauntlet | Found a transporter.
 26608 | Gauntlet | Found a transporter.
 26627 | Gauntlet | Found a transporter.
 26642 | Gauntlet | Found a transporter.
 26683 | Gauntlet | Found a transporter.
 26700 | Gauntlet | Found a transporter.
 26828 | Gauntlet | Found a transporter.
 26845 | Gauntlet | Found a transporter.
 27386 | Gauntlet | Identified the +1 mace "Widowermaker" {flame, *Noise rN+
                  | Dex+3}
 27467 | D:15     | Received a gift from Okawaru
 28257 | D:15     | Found a staircase to the Depths.
 28793 | Spider:1 | Entered Level 1 of the Spider Nest
 28893 | Spider:1 | Reached XP level 16. HP: 122/149 MP: 16/16
 28995 | Spider:1 | Received a gift from Okawaru
 29079 | Spider:1 | Reached skill level 20 in Shields
 31483 | Spider:1 | You fall into a shaft and drop 1 floor!
 32157 | Spider:1 | Identified the +0 ring mail of Courage {-Cast rElec rF+++
                  | Dex-2} (Okawaru gifted it to you on level 1 of the Spider
                  | Nest)
 32157 | Spider:1 | Received a gift from Okawaru
 32776 | Swamp:1  | Entered Level 1 of the Swamp
 33652 | Elf:1    | Entered Level 1 of the Elven Halls
 33772 | Orc:2    | Reached skill level 21 in Shields
 34624 | Elf:1    | Found Hyor's Magic Scroll Emporium.
 34654 | Elf:1    | HP: 7/150 [something (12)]
 34658 | Elf:1    | Killed from afar by a deep elf zephyrmancer

Illustrated notes

Levels and vault maps discovered:
D:1:      roderic_crop_circles_arrival_small, layout_rooms
D:2:      layout_basic, uniq_terence, uniq_sigmund
D:3:      layout_loops_ring, nicolae_uskayaw_en_pointe, fedhas_altar_1,
          uniq_crazy_yiuf_cottage, uniq_jessica
D:4:      layout_basic, ebering_ghost_sewer_d, uniq_pikel, uniq_menkaure
D:5:      layout_rooms, minmay_temple_entry_waves, serial_glass,
          glass_columns_a, glass_columns_b,
          nicolae_concentric_dashed_squares_wild, mrwooster_statue_mirror
D:6:      layout_loops_ring, minmay_shop_mayhem, chequers_serial_rivers_micro_d
D:7:      layout_basic, wad_mini_maze
D:8:      layout_cave_pods, serial_ice, serial_ice_e, serial_ice_f,
          serial_ice_l, serial_ice_d, minmay_shop_mass
D:9:      layout_grid_maze, zombieorc2_lemuel, serial_ice, serial_ice_a,
          serial_ice_c, serial_ice_g, serial_ice_k, uniq_gastronok
D:10:     layout_basic
D:11:     minmay_chambers_of_sixes, layout_cave_pools,
          grunt_lair_entry_orc_guard_hut, gammafunk_ghost_icy
D:12:     layout_basic, uniq_psyche, uniq_josephine
D:13:     layout_loops_ring, david_vaults_3, serial_shops,
          nicolae_shop_back_alley_shop, drop_trap, uniq_sonja
D:14:     layout_rooms
D:15:     grunt_enter_depths_hoard, layout_loops_corners, gauntlet_entry_generic
Temple:   mainiacjoe_temple_big_plus
Lair:1:   layout_misc_corridors, serial_bayou_shore_a, lemuel_fruit_fields
Lair:2:   layout_loops_ring
Lair:3:   layout_regular_city, skrybe_swamp_entry_bodies,
          spider_nest_entry_funnel_web, lemuel_fruit_fields
Lair:4:   layout_cave_pods, basic_altar
Lair:5:   minmay_lair_end_frog_pond, layout_hall_layers, slime_entry_1,
          uniq_snorg, uniq_rupert, uniq_kirke
Swamp:1:  layout_basic_swamp, infiniplex_staircase_pool, swamp_pool2,
          nicolae_swamp_frolicking_bunyips
Spider:1: lemuel_spider_zombies
Spider:2: layout_spider_delve
Orc:1:    layout_caves, basic_altar, gammafunk_ghost_split, serial_shops,
          nicolae_shop_hallway_plus
Orc:2:    st_orc_pillars, layout_diamond_mine, uniq_urug, uniq_azrael,
          uniq_jorgrun
Elf:1:    minmay_elf_arrival_plus, layout_loops_corners, serial_shops,
          shop_fountains, orc_legates, lemuel_upstairs_altar

Skill      XL: |  1  2  3  4  5  6  7  8  9 10 11 12 13 14 15 16 |
---------------+-------------------------------------------------+-----
Armour         | 4 5 6 8 9 10 11 12 13 14 15 16 | 16.3
Fighting       | 4 6 7 9 10 11 13 14 15 16 | 16.4
Shields        | 4 5 6 7 9 11 14 15 18 19 21 | 21.4
Long Blades    | 4 5 7 9 11 12 13 15 16 17 18 | 18.4
Dodging        | 1 2 3 4 |  4.3
Stealth        | 1 2 |  2.2
Invocations    | 1 |  1.3
Evocations     | 1 |  1.0

Action                     |  1- 3 |  4- 6 |  7- 9 | 10-12 | 13-15 | 16-18 || total
---------------------------+-------+-------+-------+-------+-------+-------++-------
  Melee: Long sword        |   101 |   131 |   222 |   758 |       |       ||  1212
         Headbutt          |    13 |    19 |    53 |   314 |   315 |    73 ||   787
         Demon blade       |       |       |       |   206 |   297 |       ||   503
         Scimitar          |       |       |       |   105 |    18 |     8 ||   131
         Double sword      |       |       |       |       |  1075 |   341 ||  1416
 Invoke: Heroism           |       |       |       |     6 |    11 |       ||    17
  Evoke: Wand              |       |       |       |     1 |     7 |       ||     8
    Use: Scroll            |     3 |     2 |     4 |    11 |    17 |     4 ||    41
         Potion            |       |       |       |     2 |    15 |     5 ||    22
   Stab: Distracted        |       |       |       |     1 |       |       ||     1
         Petrified         |       |       |       |       |     1 |       ||     1
 Armour: Scale mail        |    53 |       |       |       |       |       ||    53
         Plate armour      |    29 |    56 |   104 |   429 |   727 |   210 ||  1555
  Dodge: Dodged            |    58 |    33 |    35 |   174 |   356 |   123 ||   779
  Block: Buckler           |    28 |    48 |    94 |    65 |       |       ||   235
         Reflection        |       |       |     5 |     5 |    49 |    24 ||    83
         Kite shield       |       |       |       |   659 |  1587 |   314 ||  2560
         Tower shield      |       |       |       |       |       |   248 ||   248
